 Dungeon Crawl Stone Soup version 0.29.1-12-g30fa7ad0bf (webtiles) character file.

Game seed: 16622238891007408672

31754 javelincjr the Eclecticist (level 13, -3/75 HPs)
             Began as a Djinni Conjurer on Jan 18, 2023.
             Was a Believer of Qazlal.
             Killed by an exploding fulminant prism (34 damage)
             ... on level 14 of the Dungeon.
             The game lasted 01:42:05 (18520 turns).

javelincjr the Eclecticist (Djinni Conjurer)       Turns: 18520, Time: 01:42:06

Health: -3/75      AC: 24    Str:  6    XL:     13   Next: 98%
Gold:   880        EV:  6    Int: 27    God:    Qazlal [**....] SH: 13 Dex: 10

rFire   + + +      SeeInvis +   d - staff of conjuration
rCold   x . .      Faith    .   r - +0 tower shield
rNeg    . . .      Spirit   .   W - +4 ring mail "Xiuroargh" {rF+ Int+2 Dex-2 Stlth+}
rPois   ∞          Reflect  .   T - +2 helmet {SInv}
rElec   .          Harm     .   v - +2 cloak
rCorr   .          Rampage  .   (no gloves)
Will    +....                   (boots unavailable)
Stlth   ++........              (no amulet)
HPRegen 0.22/turn               i - +4 ring of protection
MPRegen 0.00/turn               y - ring of protection from fire

@: flying, studying Armour
A: sickness immunity, fire resistance 2, cold vulnerability 1, float, innate
caster, HP casting, extra vitality 1, iridescent scales 1
a: Renounce Religion, Upheaval


You were on level 14 of the Dungeon.
You worshipped Qazlal.
Qazlal was pleased with you.
You visited 2 branches of the dungeon, and saw 15 of its levels.

You collected 1258 gold pieces.
You spent 378 gold pieces at shops.

Inventory:

Hand Weapons
 b - a +2 dagger of draining
 j - a +2 dagger of electrocution
 s - a +2 vorpal longbow
 u - a +2 quarterstaff of chaos
 J - a +2 trident of distortion
 M - a +6 dagger of protection
 N - a +2 spectral quarterstaff
 V - a +0 vorpal arbalest
Missiles
 n - 6 silver javelins
 A - 24 poisoned darts
 D - 3 atropa-tipped darts
 E - 4 silver boomerangs
Armour
 r - a +0 tower shield (worn)
 v - a +2 cloak (worn)
 w - an orb of wrath
 x - the +1 pair of gloves of Light {Dex+3}
   (You found it on level 12 of the Dungeon)

   Dex:       It affects your dexterity (+3).
 B - a +1 troll leather armour
 F - +0 acid dragon scales
 T - a +2 helmet of see invisible (worn)
 U - a +0 pair of gloves
 W - the +4 ring mail "Xiuroargh" (worn) {rF+ Int+2 Dex-2 Stlth+}
   (You found it on level 9 of the Dungeon)

   Int:       It affects your intelligence (+2).
   Dex:       It affects your dexterity (-2).
   rF:        It protects you from fire.
   Stlth:     It makes you more stealthy.
 X - +0 ice dragon scales
Magical Staves
 d - a staff of conjuration (weapon)
Jewellery
 i - a +4 ring of protection (left hand)
 y - a ring of protection from fire (right hand)
 O - a ring of ice
Wands
 a - a wand of polymorph (1)
 o - a wand of paralysis (14)
 p - a wand of flame (23)
 P - a wand of acid (15)
 Q - a wand of iceblast (6)
Scrolls
 g - 11 scrolls of teleportation
 k - 5 scrolls of poison
 z - 2 scrolls of fear
 C - a scroll of blinking
 G - 2 scrolls of immolation
 K - a scroll of magic mapping
 S - 2 scrolls of butterflies
 Y - a scroll of identify
Potions
 c - 2 potions of haste
 e - a potion of ambrosia
 f - 9 potions of heal wounds
 h - 3 potions of cancellation
 l - 4 potions of berserk rage
 m - a potion of resistance
 q - 4 potions of might
 t - 13 potions of curing
 H - 2 potions of brilliance
 I - a potion of invisibility
Miscellaneous
 L - a tin of tremorstones (2/2)
 R - a condenser vane


   Skills:
 + Level 0.3 Fighting
 + Level 1.0 Short Blades
 + Level 1.4 Staves
 + Level 9.5 Armour
 + Level 5.1 Dodging
 + Level 5.4 Stealth
 + Level 1.3 Shields
 + Level 15.5 Spellcasting
 + Level 1.4 Evocations


You had 10 spell levels left.
You knew the following spells:

 Your Spells              Type           Power      Damage    Failure   Level
a - Magic Dart            Conj           100%       1d8       1%          1
b - Searing Ray           Conj           100%       2d8       1%          2
c - Dazzling Flash        Conj/Hex       100%       N/A       1%          3
d - Fulminant Prism       Conj/Hex       51%        3d23      1%          4
e - Iskenderun's Mystic   Conj/Tloc      100%       2d19      1%          4
f - Beastly Appendage     Tmut           100%       N/A       1%          1
g - Static Discharge      Conj/Air       100%       3-16/arc  1%          2
h - Inner Flame           Hex/Fire       81%        N/A       1%          3
i - Frozen Ramparts       Ice            100%       1d16      1%          3
j - Manifold Assault      Tloc           81%        N/A       5%          5
k - Borgnjor's Vile Clut  Necr/Erth      40%        N/A       5%          5
Your spell library was empty.

Dungeon Overview and Level Annotations

Branches:
Dungeon (14/15)            Temple (1/1) D:4            Lair (0/5) D:9
    Orc (0/2) D:10         Vaults (0/5) D:14

Altars:
Ashenzari
Cheibriados
Dithmenos
Elyvilon
Fedhas
Gozag
Hepliaklqana
Makhleb
Nemelex Xobeh
Okawaru
Qazlal
Ru
Trog
Uskayaw
Wu Jian
Xom
Yredelemnul
Zin
The Shining One
Jiyva

Shops:
D:8 :   D:10 ?

Portals:
Trove: D:12 (show abyssal rune of Zot)

Annotations:
D:9 2 transporters, SirLogeyBear's ghost, novice HOBe
D:10 2 transporters, 0gre's ghost, journeyman GnIE
D:12 3 runed translucent doors, cdecastro's ghost, journeyman VSEn


Innate Abilities, Weirdness & Mutations

You are immune to sickness and miasma.
You are immune to poison.
Your flesh is very heat resistant. (rF++)
You are vulnerable to cold. (rC-)
You float through the air rather than walking.
You learn spells naturally, not from books.
Your magical power is your life essence.
You have superior vitality. (+4 MHP)
You are partially covered in iridescent scales. (AC +2)


Message History

You destroy the skeletal warrior!
Qazlal accepts your kill.
Casting: Iskenderun's Mystic Blast (dangerous; 1% risk of failure)
Confirm with . or Enter, or press ? or * to list all spells.
You feel a surge of power!
You erupt in a blast of force!
The mystic blast hits the skeletal warrior.
You destroy the skeletal warrior!
Qazlal accepts your kill.
The mystic blast hits the skeletal warrior.
The skeletal warrior is heavily damaged.
The skeletal warrior is knocked back by the mystic blast.
A vampire mosquito comes into view.
You see here a +0 battleaxe.
Casting: Iskenderun's Mystic Blast (dangerous; 1% risk of failure)
Confirm with . or Enter, or press ? or * to list all spells.
You feel a surge of power!
You erupt in a blast of force!
The mystic blast hits the skeletal warrior!
The skeletal warrior is severely damaged.
The skeletal warrior is knocked back by the mystic blast.
There is a stone staircase leading down here.
Casting: Iskenderun's Mystic Blast (dangerous; 1% risk of failure)
Confirm with . or Enter, or press ? or * to list all spells.
You feel a surge of power!
You erupt in a blast of force!
The mystic blast hits the vampire mosquito!!
The vampire mosquito is severely damaged.
The vampire mosquito is knocked back by the mystic blast.
A vampire mosquito comes into view.
There is an open door here.
There is a stone staircase leading up here.
Casting: Iskenderun's Mystic Blast (dangerous; 1% risk of failure)
Confirm with . or Enter, or press ? or * to list all spells.
Aiming: Fulminant Prism (dangerous; 1% risk of failure)
Press: ? - help, Dir - move target You feel a surge of power!
You conjure a prism of explosive energy!
A fulminant prism comes into view.
Your fulminant prism crackles loudly.
Your fulminant prism explodes!
The blast of energy engulfs you!!
You die...

#....# #..............
#....# #............##
#....# #..............
.###...)###..............
#.......)>................
#.....z.y.................
#......####'##############
#......#......?.... #
#......#.@......... #
#......#........... #
#......#........... # ....
#.....#############
########...........
#.........#. #..#####..#.
#.........#.
####...........


There were no monsters in sight!

Vanquished Creatures
  Kirke (D:13)
  2 hydras
  2 boulder beetles (D:13)
  5 two-headed ogres
  2 centaur warriors
  Lodul (D:12)
  2 skeletal warriors (D:14)
  A wizard (D:14)
  A deep elf archer (D:14)
  Pikel (D:4)
  5 deep elf pyromancers
  A deep elf zephyrmancer (D:14)
  7 ugly things (D:14)
  6 cyclopes
  2 manticores
  3 gargoyles
  A yaktaur (D:14)
  A kobold demonologist (D:11)
  2 unseen horrors
  Maggie (D:6)
  4 tengu conjurers
  A meliai (shapeshifter) (D:12)
  A hornet (D:8)
  4 trolls
  A tyrant leech (shapeshifter) (D:13)
  A slime creature (D:12)
  Grinder (D:3)
  4 dream sheep (D:10)
  A centaur simulacrum (D:14)
  A wraith (D:9)
  6 yaks (D:11)
  2 shadows
  5 hogs (D:13)
  A basilisk (D:13)
  A vampire (D:11)
  2 vampire mosquitoes (D:13)
  Menkaure (D:6)
  2 acid dragons
  A water moccasin (D:6)
  An ice beast (D:8)
  A black bear (D:5)
  6 orc warriors
  12 ogres
  A boggart (D:14)
  7 centaurs
  A lemure (D:4)
  3 phantoms
  5 kobold brigands
  A necrophage (D:6)
  A scorpion (D:5)
  4 killer bees (D:9)
  3 hounds
  5 jellies
  4 orc priests (D:7)
  A gnoll bouda (D:10)
  Crazy Yiuf (D:3)
  3 iguanas
  8 orc wizards
  Natasha (twice) (D:2)
  A mummy (D:3)
  5 gnolls
  13 adders
  2 shadow imps
  2 white imps
  An adder skeleton (D:2)
  An adder zombie (D:2)
  The ghost of Smersh616 the Sneak, a weakling MfDe (D:6)
  3 dart slugs
  2 worms (D:2)
  29 orcs
  9 endoplasms
  16 giant cockroaches
  13 goblins
  3 hobgoblins
  24 kobolds
  3 quokkas
  10 ball pythons
  3 ball python skeletons (D:2)
  4 bats
  3 frilled lizards
  6 rats
  4 fulminant prisms
315 creatures vanquished.

Vanquished Creatures (others)
  A human (D:13)
  A bush (D:5)
  161 fulminant prisms
  3 withered plants
166 creatures vanquished.

Grand Total: 481 creatures vanquished

Notes
Turn   | Place    | Note
-------+----------+-------------------------------------------
     0 | D:1      | javelincjr the Djinni Conjurer began the quest for the Orb.
     0 | D:1      | javelincjr set off with the following spells memorised:
                  | Magic Dart, Searing Ray, Dazzling Flash, Fulminant Prism,
                  | Iskenderun's Mystic Blast.
     0 | D:1      | Reached XP level 1. HP: 15/15 MP: 0/0
   172 | D:1      | Reached XP level 2. HP: 9/21 MP: 0/0
   772 | D:1      | Reached XP level 3. HP: 23/25 MP: 0/0
   772 | D:1      | Learned a level 1 spell: Beastly Appendage
  1250 | D:2      | Reached skill level 4 in Spellcasting
  1306 | D:2      | Reached XP level 4. HP: 28/31 MP: 0/0
  1837 | D:2      | Reached XP level 5. HP: 32/35 MP: 0/0
  1837 | D:2      | Learned a level 2 spell: Static Discharge
  1870 | D:2      | Noticed Natasha
  1874 | D:2      | Killed Natasha
  2167 | D:2      | Found a faded altar of an unknown god.
  2477 | D:2      | Noticed Natasha
  2481 | D:2      | Killed Natasha
  2693 | D:3      | Reached skill level 5 in Spellcasting
  2733 | D:3      | Reached XP level 6. HP: 12/40 MP: 0/0
  3260 | D:3      | Found a runed translucent door.
  3261 | D:3      | Noticed Crazy Yiuf
  3267 | D:3      | Killed Crazy Yiuf
  3285 | D:3      | Gained mutation: You are partially covered in iridescent
                  | scales. (AC +2) [potion of mutation]
  3436 | D:3      | Noticed Grinder
  3447 | D:3      | Killed Grinder
  3448 | D:3      | Reached XP level 7. HP: 33/45 MP: 0/0
  3448 | D:3      | Learned a level 3 spell: Inner Flame
  3675 | D:3      | Found an iron altar of Okawaru.
  3677 | D:3      | Found a glowing silver altar of Zin.
  3677 | D:3      | Found a blossoming altar of Fedhas.
  3678 | D:3      | Found a hazy altar of Hepliaklqana.
  3923 | D:3      | Found a snail-covered altar of Cheibriados.
  4351 | D:4      | Reached skill level 6 in Spellcasting
  4363 | D:4      | Noticed Pikel
  4640 | D:4      | Killed Pikel
  4641 | D:4      | Reached skill level 1 in Short Blades
  4641 | D:4      | Reached skill level 7 in Spellcasting
  4641 | D:4      | Reached XP level 8. HP: 37/50 MP: 0/0
  4790 | D:4      | Found a staircase to the Ecumenical Temple.
  4799 | Temple   | Entered the Ecumenical Temple
  5603 | D:5      | Entered Level 5 of the Dungeon
  6257 | D:5      | Reached skill level 8 in Spellcasting
  6257 | D:5      | Reached XP level 9. HP: 51/55 MP: 0/0
  6257 | D:5      | Learned a level 3 spell: Frozen Ramparts
  6635 | D:5      | Noticed a troll
  6638 | D:5      | Killed a troll
  7016 | D:6      | Noticed Maggie
  7022 | D:6      | Killed Maggie
  7023 | D:6      | Reached skill level 9 in Spellcasting
  7150 | D:6      | Identified the +2 pair of boots "Kimymn" {rN+}
  7202 | D:6      | Found a runed translucent door.
  7203 | D:6      | Noticed Smersh616's ghost (weakling MfDe)
  7211 | D:6      | Killed Smersh616's ghost
  7333 | D:6      | Noticed Menkaure
  7336 | D:6      | Killed Menkaure
  7340 | D:6      | Found a sparkling altar of Nemelex Xobeh.
  7685 | D:7      | Reached skill level 1 in Armour
  7749 | D:7      | Reached XP level 10. HP: 59/60 MP: 0/0
  7793 | D:7      | Reached skill level 1 in Staves
  7988 | D:7      | You are sucked into a shaft and drop 1 floor!
  8076 | D:8      | Reached skill level 10 in Spellcasting
  8355 | D:7      | Found a hide-covered altar of Uskayaw.
  9327 | D:8      | Found Ceotobudio's Tremendous Tomes.
  9583 | D:9      | Noticed a two-headed ogre
  9583 | D:9      | Noticed SirLogeyBear's ghost (novice HOBe)
  9583 | D:9      | Noticed a two-headed ogre
  9684 | D:9      | Found a stormy altar of Qazlal.
  9693 | D:9      | Became a worshipper of Qazlal Stormbringer
  9710 | D:9      | Noticed a two-headed ogre
  9722 | D:9      | Killed a two-headed ogre
  9832 | D:9      | Identified the +4 ring mail "Xiuroargh" {rF+ Int+2 Dex-2
                  | Stlth+}
  9968 | D:9      | Found a staircase to the Lair.
 10134 | D:9      | Found a transporter.
 10135 | D:9      | Noticed a two-headed ogre
 10137 | D:9      | Noticed a two-headed ogre
 10138 | D:9      | Found a transporter.
 10237 | D:10     | Entered Level 10 of the Dungeon
 10278 | D:10     | Reached skill level 11 in Spellcasting
 10515 | D:10     | Noticed a two-headed ogre
 10522 | D:10     | Killed a two-headed ogre
 10523 | D:10     | Reached XP level 11. HP: 33/65 MP: 0/0
 10523 | D:10     | Learned a level 5 spell: Manifold Assault
 10696 | D:10     | Found Biemina's Magic Scroll Shop.
 10700 | D:10     | Bought a scroll of identify for 28 gold pieces
 10700 | D:10     | Bought a scroll of identify for 28 gold pieces
 10700 | D:10     | Bought a scroll of enchant armour for 105 gold pieces
 10700 | D:10     | Bought a scroll of enchant armour for 105 gold pieces
 10700 | D:10     | Bought a scroll of identify for 28 gold pieces
 10707 | D:10     | Noticed a manticore
 10713 | D:10     | Killed a manticore
 10781 | D:10     | Found a staircase to the Orcish Mines.
 10852 | D:10     | Noticed a tengu warrior
 10853 | D:10     | Noticed 0gre's ghost (journeyman GnIE)
 10854 | D:10     | Found a transporter.
 10856 | D:10     | Noticed a moth of wrath
 10857 | D:10     | Found a bloodstained altar of Trog.
 10864 | D:10     | Noticed a two-headed ogre
 10870 | D:10     | Killed a two-headed ogre
 11043 | D:10     | Reached skill level 5 in Armour
 11150 | D:10     | Found a transporter.
 11187 | D:10     | Found a burning altar of Makhleb.
 11310 | D:11     | Reached skill level 12 in Spellcasting
 11319 | D:11     | Noticed a cyclops
 11325 | D:11     | Killed a cyclops
 11325 | D:11     | Reached * piety under Qazlal
 11368 | D:11     | Noticed a deep elf pyromancer
 11374 | D:11     | Killed a deep elf pyromancer
 12058 | D:11     | Noticed a cyclops
 12062 | D:11     | Killed a cyclops
 12063 | D:11     | Reached XP level 12. HP: 53/70 MP: 0/0
 12884 | D:12     | Noticed Lodul
 12899 | D:12     | Reached skill level 13 in Spellcasting
 12911 | D:12     | Killed Lodul
 13239 | D:12     | Found a runed translucent gate.
 13239 | D:12     | Found a runed translucent gate.
 13239 | D:12     | Found a runed translucent gate.
 13239 | D:12     | Noticed an acid blob
 13239 | D:12     | Noticed an azure jelly
 13239 | D:12     | Noticed an acid blob
 13239 | D:12     | Noticed an azure jelly
 13240 | D:12     | Found a viscous altar of Jiyva.
 13240 | D:12     | Noticed an azure jelly
 13240 | D:12     | Noticed an acid blob
 13240 | D:12     | Noticed cdecastro's ghost (journeyman VSEn)
 13240 | D:12     | Noticed an acid blob
 13240 | D:12     | Noticed an azure jelly
 13241 | D:12     | Noticed a quicksilver ooze
 13366 | D:12     | Found a portal to a secret trove of treasure.
 13439 | D:12     | Noticed a four-headed hydra
 13455 | D:12     | Noticed a centaur warrior
 13457 | D:12     | Noticed a two-headed ogre
 13460 | D:12     | Killed a centaur warrior
 13460 | D:12     | Reached ** piety under Qazlal
 13463 | D:12     | Killed a two-headed ogre
 13465 | D:12     | Killed a four-headed hydra
 13812 | D:12     | Noticed a boulder beetle
 14367 | D:12     | Identified the +4 rapier of Impermanence {vorpal, Int+2}
 14379 | D:12     | Identified the +1 pair of gloves of Light {Dex+3}
 14822 | D:10     | Bought a scroll of teleportation for 42 gold pieces
 14822 | D:10     | Bought a scroll of teleportation for 42 gold pieces
 15052 | D:13     | Noticed Kirke
 15059 | D:13     | Reached skill level 14 in Spellcasting
 15064 | D:13     | Reached skill level 5 in Stealth
 15072 | D:13     | Killed Kirke
 15073 | D:13     | Reached XP level 13. HP: 47/75 MP: 0/0
 15073 | D:13     | Learned a level 5 spell: Borgnjor's Vile Clutch
 15077 | D:13     | Reached skill level 1 in Evocations
 15091 | D:13     | Noticed a boulder beetle
 15100 | D:13     | Killed a boulder beetle
 15687 | D:13     | Reached skill level 5 in Dodging
 16210 | D:13     | Noticed a boulder beetle
 16219 | D:13     | Killed a boulder beetle
 16892 | D:14     | Reached skill level 15 in Spellcasting
 17083 | D:14     | Noticed a centaur warrior
 17093 | D:14     | Killed a centaur warrior
 17815 | D:14     | Found a gate to the Vaults.
 17912 | D:14     | Reached skill level 1 in Shields
 18143 | D:14     | Found a shadowy altar of Dithmenos.
 18247 | D:14     | Noticed a seven-headed hydra
 18253 | D:14     | Killed a seven-headed hydra
 18520 | D:14     | Killed by an exploding fulminant prism

Illustrated notes

Levels and vault maps discovered:
D:1:      co_arrival_random_square_maze, layout_basic, minmay_quantized
D:2:      layout_basic, ebering_ecumenical_altar_box, serial_undead,
          serial_undead_a, serial_undead_d, serial_undead_b, serial_undead_c,
          serial_undead_b, minmay_pentomino_pile, uniq_natasha
D:3:      minmay_roachtagon, layout_loops_ring, chei_slow_surprise,
          chequers_temple_overflow_statue_of_worship, serial_rivers,
          chequers_serial_rivers_micro_e, chequers_serial_rivers_micro_b,
          chequers_serial_rivers_micro_e, chequers_serial_rivers_micro_c,
          chequers_serial_rivers_room_b, chequers_serial_rivers_large_a,
          uniq_crazy_yiuf_cottage, uniq_grinder
D:4:      layout_basic, minmay_temple_entry_wispy, minmay_misc_feat_nine_boxes,
          grunt_ministairs_5, chequers_garden, minmay_unequal, uniq_pikel
D:5:      layout_basic, moated_statue, kb_lookout_dungeons_type,
          kennysheep_opposing_triangles
D:6:      layout_loops_ring, mainiacjoe_overflow_cross_hatched,
          gammafunk_ghost_grave, uniq_maggie, uniq_menkaure
D:7:      layout_loops_ring, mainiacjoe_overflow_alcove_1
D:8:      layout_gridville, nicolae_shop_i_like_big_books,
          hangedman_decor_peaks_small, hangedman_decor_opposing, dk_vineyard_1
D:9:      layout_small_grid, nicolae_qazlal_eye_of_the_storm, lair_entry_dummy,
          gammafunk_ghost_smash
D:10:     layout_roguey, bloody_makhleb, orc_david_3, serial_shops,
          nicolae_shop_hallway_stairs, gammafunk_ghost_wrathful_warriors,
          dreamdust_gnoll_shepherd
D:11:     layout_loops_ring
D:12:     layout_irregular_city, gammafunk_ghost_ooze, enter_trove_0,
          minmay_pinched_square, uniq_lodul
D:13:     layout_basic, minivault_10, uniq_kirke
D:14:     layout_stronghold, hangedman_vaults_entry_quadrant_bands,
          nicolae_dithmenos_shadow_blocks
Temple:   cyrus_circular_temple

Skill      XL: |  1  2  3  4  5  6  7  8  9 10 11 12 13 |
---------------+----------------------------------------+-----
Spellcasting   | 4 5 7 8 9 11 12 14 15 | 15.5
Stealth        | 2 3 4 5 |  5.4
Short Blades   | 1 |  1.0
Dodging        | 3 4 5 |  5.1
Armour         | 1 4 6 7 9 |  9.5
Staves         | 1 |  1.4
Evocations     | 1 |  1.4
Shields        | 1 |  1.3
Fighting       | |  0.3

Action                   |  1- 3 |  4- 6 |  7- 9 | 10-12 | 13-15 || total
-------------------------+-------+-------+-------+-------+-------++-------
Melee: Dagger            |     9 |       |       |       |       ||     9
       Staff             |       |     3 |    12 |    12 |       ||    27
 Cast: Magic Dart        |    40 |    84 |    72 |    35 |     5 ||   236
       Searing Ray       |     2 |     8 |       |       |       ||    10
       Fulminant Prism   |       |     7 |    28 |    89 |    41 ||   165
       Dazzling Flash    |       |     1 |       |     2 |       ||     3
       Iskenderun's Myst |       |     2 |    17 |    59 |    27 ||   105
       Frozen Ramparts   |       |       |       |     3 |     2 ||     5
       Manifold Assault  |       |       |       |     1 |       ||     1
       Borgnjor's Vile C |       |       |       |       |     9 ||     9
       Inner Flame       |       |       |       |       |     3 ||     3
       Beastly Appendage |       |       |       |       |     1 ||     1
Evoke: Wand              |       |       |       |     3 |       ||     3
       Condenser vane    |       |       |       |     1 |       ||     1
  Use: Scroll            |       |     5 |     9 |    25 |       ||    39
       Potion            |       |     1 |       |     1 |       ||     2
Armor: Robe              |     2 |     3 |     3 |       |       ||     8
       Troll leather arm |       |       |     1 |     8 |       ||     9
       Ring mail         |       |       |       |     5 |     7 ||    12
Dodge: Dodged            |     9 |     9 |    14 |    16 |     6 ||    54
Block: Tower shield      |       |       |       |     1 |    19 ||    20
